AoeStats
← SAF POKEY

Arena

505488346Analyzed
1v1 RM · 24d ago on Sep 9, 2026· 48m 38s· 2 players
Game mode
Random Map
Map size
Tiny (2 player)
Population
200
Speed
Normal
Resources
Standard
Victory
Conquest
Starting age
Dark Age
Ending age
Imperial Age
RankedLock teamsTeams togetherTeam positionsShared explorationLock speedFull tech treeHidden civsTurbo modeCheats
Victory
Defeat
🇿🇦 Saracens · South Africa
751
+15
🇬🇧 Bohemians · United Kingdom
738
-36
SAF POKEY
0:42 Loom
12:24 Feudal Age
13:46 Wheelbarrow
13:28 Man-at-Arms
15:38 Horse Collar
16:05 Double-Bit Axe
25:49 Castle Age
27:41 Bow Saw
27:35 Heavy Plow
28:45 Scale Mail Armor
29:00 Forging
31:36 Hand Cart
32:22 Chain Mail Armor
32:02 Arson
33:19 Long Swordsman
34:03 Squires
35:23 Fervor
36:32 Iron Casting
39:43 Fortified Wall
39:46 Masonry
39:58 Ballistics
40:22 Coinage
43:33 Imperial Age
42:37 Wagenburg Tactics
42:42 Wagenburg Tactics
43:41 Wagenburg Tactics
43:36 Two-Handed Swordsman
44:38 Champion
andrewisking
11:43 Feudal Age
17:19 Castle Age
24:49 Loom
25:39 Double-Bit Axe
29:25 Gold Mining
30:19 Fletching
30:29 Padded Archer Armor
31:04 Bodkin Arrow
33:01 Scale Mail Armor
33:39 Horse Collar
36:33 Forging
36:38 Chain Mail Armor
36:28 Scale Barding Armor
39:18 Iron Casting
38:58 Chain Mail Armor
39:03 Chain Barding Armor
42:39 Imperial Age
41:54 Leather Archer Armor
42:23 Bloodlines
42:13 Husbandry
42:55 Chain Barding Armor
42:50 Bimaristan
44:45 Blast Furnace
44:15 Plate Mail Armor
44:20 Plate Barding Armor
46:29 Plate Mail Armor
46:34 Plate Barding Armor
Connection lost

Rejoining the realm…

Still unreachable

The connection could not be restored.

Session expired

The server has moved on; the page needs a fresh start.